PCL
HOUSTON HAMMERTIME @ GRESHAM GOLD SOULS
09/16/2025
 
TOP OF THE 1ST
Houston Hammertime batting - Pitching for Gresham Gold Souls : RHP David Green
Pitching: RHP David Green
Batting: RHB José García 0-0: Foul Ball, location: 2F
0-1: Ball
1-1: Foul Ball, location: 2F
1-2: Ball
2-2: Ball
3-2: Base on Balls
Batting: SHB Cristo Ontiveros 0-0: Ball
1-0: Called Strike
1-1: Foul Ball, location: 2F
1-2: SINGLE (Line Drive, 7LS)
José García to second
Batting: LHB Juan Cabañas 0-0: Called Strike
0-1: Called Strike
0-2: Grounds into double play, 6-4-3 (Groundball, 56)
José García to third
Batting: LHB Pat Jones 0-0: Ball
Wild Pitch!
José García scores
1-0: Ball
2-0: Called Strike
2-1: Ball
3-1: Called Strike
3-2: Foul Ball, location: 2F
3-2: Foul Ball, location: 2F
3-2: Base on Balls
Batting: RHB Moo-hyun Pak 0-0: Ball
1-0: Swinging Strike
1-1: Ball
2-1: Ball
3-1: Fielders Choice at 2nd, 6-4 (Groundball, 6)
Top of the 1st over - 1 run(s), 1 hit(s), 0 error(s), 0 left on base; Houston 1 - Gresham 0
BOTTOM OF THE 1ST
Gresham Gold Souls batting - Pitching for Houston Hammertime : LHP Terry Klassen
Pitching: LHP Terry Klassen
Batting: SHB Todd Smith 0-0: Ball
1-0: Ball
2-0: Called Strike
2-1: Foul Ball, location: 2F
2-2: Ball
3-2: Foul Ball, location: 2F
3-2: Base on Balls
Batting: RHB Manuel Cortéz 0-0: Called Strike
0-1: Ball
1-1: Swinging Strike
1-2: Strikes out looking
Batting: RHB Arturo Rodríguez 0-0: Ball
1-0: Ball
2-0: Called Strike
2-1: Swinging Strike
2-2: Ball
3-2: Foul Ball, location: 2F
3-2: Base on Balls
Todd Smith to second
Batting: RHB Lorenzo Morín 0-0: Swinging Strike
0-1: Grounds into double play, 1-6-3 (Groundball, 23)
Bottom of the 1st over - 0 run(s), 0 hit(s), 0 error(s), 1 left on base; Houston 1 - Gresham 0
TOP OF THE 2ND
Houston Hammertime batting - Pitching for Gresham Gold Souls : RHP David Green
Batting: LHB Bartolo Villanueva 0-0: Called Strike
0-1: Foul Ball, location: 2F
0-2: Strikes out swinging
Batting: RHB Alberto Chávez 0-0: SINGLE (Line Drive, 8LS)
Batting: LHB Fernando Camacho 0-0: Ball
1-0: Fly out, F6 (Popup, 6)
Batting: RHB Pedro Meza 0-0: Foul Ball, location: 2F
0-1: Ground out 4-3 (Groundball, 4)
Top of the 2nd over - 0 run(s), 1 hit(s), 0 error(s), 1 left on base; Houston 1 - Gresham 0
BOTTOM OF THE 2ND
Gresham Gold Souls batting - Pitching for Houston Hammertime : LHP Terry Klassen
Batting: LHB Luis Zúñiga 0-0: Swinging Strike
0-1: Ball
1-1: Called Strike
1-2: Strikes out swinging
Batting: RHB Pablo Castillo 0-0: Ball
1-0: Foul Ball, location: 2F
1-1: Ball
2-1: Foul Ball, location: 2F
2-2: Ball
3-2: Ground out 6-3 (Groundball, 6M)
Batting: RHB Luke McIndoe 0-0: SINGLE (Line Drive, 6D)
Batting: LHB Bill Smith 0-0: Ball
1-0: Called Strike
1-1: Swinging Strike
1-2: Strikes out swinging
Bottom of the 2nd over - 0 run(s), 1 hit(s), 0 error(s), 1 left on base; Houston 1 - Gresham 0
TOP OF THE 3RD
Houston Hammertime batting - Pitching for Gresham Gold Souls : RHP David Green
Batting: RHB José García 0-0: Ball
1-0: Bunt missed!
1-1: Ball
2-1: Foul Ball, location: 2F
2-2: Ball
3-2: Ground out 6-3 (Groundball, 6)
Batting: SHB Cristo Ontiveros 0-0: Ground out 1-3 (Groundball, 15)
Batting: LHB Juan Cabañas 0-0: Ball
1-0: Ball
2-0: Called Strike
2-1: Swinging Strike
2-2: Ball
3-2: Foul Ball, location: 2F
3-2: Base on Balls
Batting: LHB Pat Jones 0-0: Called Strike
0-1: Ball
1-1: Ball
2-1: Ball
3-1: Base on Balls
Juan Cabañas to second
Batting: RHB Moo-hyun Pak 0-0: Foul Ball, location: 2F
0-1: Fielders Choice at 2nd, 6-4 (Groundball, 6S)
Top of the 3rd over - 0 run(s), 0 hit(s), 0 error(s), 1 left on base; Houston 1 - Gresham 0
BOTTOM OF THE 3RD
Gresham Gold Souls batting - Pitching for Houston Hammertime : LHP Terry Klassen
Batting: RHB Kazushige Aoki 0-0: Ball
1-0: Swinging Strike
1-1: Foul Ball, location: 2F
1-2: Foul Ball, location: 2F
1-2: Ground out 4-3 (Groundball, 4M)
Batting: SHB Todd Smith 0-0: Called Strike
0-1: Foul Ball, location: 2F
0-2: Ball
1-2: Strikes out swinging
Batting: RHB Manuel Cortéz 0-0: Foul Ball, location: 2F
0-1: Ball
1-1: Foul Ball, location: 2F
1-2: Ball
2-2: Fly out, F3 (Popup, 13)
Bottom of the 3rd over - 0 run(s), 0 hit(s), 0 error(s), 0 left on base; Houston 1 - Gresham 0
TOP OF THE 4TH
Houston Hammertime batting - Pitching for Gresham Gold Souls : RHP David Green
Batting: LHB Bartolo Villanueva 0-0: Called Strike
0-1: Ball
1-1: Ball
2-1: Fly out, F7 (Flyball, 7M)
Batting: RHB Alberto Chávez 0-0: Called Strike
0-1: Ball
1-1: Ball
2-1: Ball
3-1: Swinging Strike
3-2: Foul Ball, location: 2F
3-2: Strikes out swinging
Batting: LHB Fernando Camacho 0-0: Foul Ball, location: 2F
0-1: Ball
1-1: Foul Ball, location: 2F
1-2: Ball
2-2: Strikes out swinging
Top of the 4th over - 0 run(s), 0 hit(s), 0 error(s), 0 left on base; Houston 1 - Gresham 0
BOTTOM OF THE 4TH
Gresham Gold Souls batting - Pitching for Houston Hammertime : LHP Terry Klassen
Batting: RHB Arturo Rodríguez 0-0: Fly out, F8 (Flyball, 8LD)
Batting: RHB Lorenzo Morín 0-0: Ball
1-0: Ball
2-0: Swinging Strike
2-1: Ball
3-1: Base on Balls
Batting: LHB Luis Zúñiga 0-0: Called Strike
0-1: Called Strike
0-2: Ball
1-2: Ball
2-2: Ball
3-2: Foul Ball, location: 2F
3-2: Foul Ball, location: 2F
3-2: SINGLE (Flyball, 8LS)
Lorenzo Morín to second
Batting: RHB Pablo Castillo 0-0: Called Strike
0-1: Ball
1-1: Grounds into double play, 6-4-3 (Groundball, 6M)
Bottom of the 4th over - 0 run(s), 1 hit(s), 0 error(s), 1 left on base; Houston 1 - Gresham 0
TOP OF THE 5TH
Houston Hammertime batting - Pitching for Gresham Gold Souls : RHP David Green
Batting: RHB Pedro Meza 0-0: Swinging Strike
0-1: Ball
1-1: Called Strike
1-2: Ball
2-2: Strikes out looking
Batting: RHB José García 0-0: Ground out 6-3 (Groundball, 6M)
Batting: SHB Cristo Ontiveros 0-0: Foul Ball, location: 2F
0-1: Foul Ball, location: 2F
0-2: SINGLE (Line Drive, 5D)
Pitching: RHP Arturo Martínez
Batting: LHB Juan Cabañas 0-0: Ball
1-0: Foul Ball, location: 2F
1-1: 2-RUN HOME RUN (Line Drive, 89XD), Distance : 424 ft
Batting: LHB Pat Jones 0-0: Called Strike
0-1: Ball
1-1: Ball
2-1: SINGLE (Line Drive, 89S)
Batting: RHB Moo-hyun Pak 0-0: Swinging Strike
0-1: Ball
1-1: Swinging Strike
1-2: Ball
2-2: Strikes out swinging
Top of the 5th over - 2 run(s), 3 hit(s), 0 error(s), 1 left on base; Houston 3 - Gresham 0
BOTTOM OF THE 5TH
Gresham Gold Souls batting - Pitching for Houston Hammertime : LHP Terry Klassen
Batting: RHB Luke McIndoe 0-0: Ball
1-0: Swinging Strike
1-1: Swinging Strike
1-2: Foul Ball, location: 2F
1-2: Foul Ball, location: 2F
1-2: Ball
2-2: Ball
3-2: Strikes out looking
Batting: LHB Bill Smith 0-0: Called Strike
0-1: Ball
1-1: Ball
2-1: Ball
3-1: Foul Ball, location: 2F
3-2: Base on Balls
Batting: RHB Kazushige Aoki 0-0: Called Strike
0-1: Foul Ball, location: 2F
0-2: Ball
1-2: Ball
2-2: Ground out 2-3 (Groundball, 25)
Bill Smith to second
Batting: SHB Todd Smith 0-0: Swinging Strike
0-1: Ball
1-1: Swinging Strike
1-2: Strikes out looking
Bottom of the 5th over - 0 run(s), 0 hit(s), 0 error(s), 1 left on base; Houston 3 - Gresham 0
TOP OF THE 6TH
Houston Hammertime batting - Pitching for Gresham Gold Souls : RHP Arturo Martínez
Batting: LHB Bartolo Villanueva 0-0: Swinging Strike
0-1: Foul Ball, location: 2F
0-2: Ball
1-2: Strikes out looking
Batting: RHB Alberto Chávez 0-0: Swinging Strike
0-1: Swinging Strike
0-2: Strikes out swinging
Batting: LHB Fernando Camacho 0-0: Ball
1-0: Called Strike
1-1: Ball
2-1: SINGLE (Line Drive, 3D)
Batting: RHB Pedro Meza 0-0: Called Strike
0-1: Foul Ball, location: 2F
0-2: Ball
1-2: Ball
2-2: Foul Ball, location: 2F
2-2: Foul Ball, location: 2F
2-2: Strikes out looking
Top of the 6th over - 0 run(s), 1 hit(s), 0 error(s), 1 left on base; Houston 3 - Gresham 0
BOTTOM OF THE 6TH
Gresham Gold Souls batting - Pitching for Houston Hammertime : LHP Terry Klassen
Batting: RHB Manuel Cortéz 0-0: Called Strike
0-1: Ball
1-1: Ball
2-1: Called Strike
2-2: SINGLE (Groundball, 56D)
Batting: RHB Arturo Rodríguez 0-0: Swinging Strike
0-1: Fly out, F9 (Flyball, 9LS)
Batting: RHB Lorenzo Morín 0-0: Called Strike
0-1: Swinging Strike
0-2: Ball
1-2: Foul Ball, location: 2F
1-2: Foul Ball, location: 2F
1-2: Ball
2-2: Strikes out swinging
Pitching: RHP Andrés Rivera
Batting: LHB Luis Zúñiga 0-0: Called Strike
0-1: Ball
1-1: Called Strike
1-2: Ground out 5-3 (Groundball, 5)
Bottom of the 6th over - 0 run(s), 1 hit(s), 0 error(s), 1 left on base; Houston 3 - Gresham 0
TOP OF THE 7TH
Houston Hammertime batting - Pitching for Gresham Gold Souls : RHP Arturo Martínez
Batting: RHB José García 0-0: Swinging Strike
0-1: Foul Ball, location: 2F
0-2: Strikes out swinging
Batting: SHB Cristo Ontiveros 0-0: Ball
1-0: Called Strike
1-1: Foul Ball, location: 2F
1-2: Ball
2-2: Foul Ball, location: 2F
2-2: Ball
3-2: Ground out 4-3 (Groundball, 34)
Batting: LHB Juan Cabañas 0-0: Ball
1-0: Called Strike
1-1: Fly out, F7 (Popup, 5D)
Top of the 7th over - 0 run(s), 0 hit(s), 0 error(s), 0 left on base; Houston 3 - Gresham 0
BOTTOM OF THE 7TH
Gresham Gold Souls batting - Pitching for Houston Hammertime : RHP Andrés Rivera
Batting: RHB Pablo Castillo 0-0: Ball
1-0: Called Strike
1-1: Swinging Strike
1-2: Fly out, F8 (Flyball, 8RS)
Batting: RHB Luke McIndoe 0-0: Ball
1-0: Ball
2-0: Ball
3-0: Called Strike
3-1: Swinging Strike
3-2: Base on Balls
Batting: LHB Bill Smith 0-0: Ball
1-0: Foul Ball, location: 2F
1-1: Ball
2-1: Fielders Choice at 2nd, 3-6 (Groundball, 3)
Batting: RHB Kazushige Aoki 0-0: Called Strike
0-1: Ball
1-1: Fly out, F8 (Flyball, 8RD)
Bottom of the 7th over - 0 run(s), 0 hit(s), 0 error(s), 1 left on base; Houston 3 - Gresham 0
TOP OF THE 8TH
Houston Hammertime batting - Pitching for Gresham Gold Souls : RHP Arturo Martínez
Pitching: LHP Pepe Caro
Batting: LHB Pat Jones 0-0: DOUBLE (Line Drive, 9LS)
Batting: RHB Moo-hyun Pak 0-0: Intentional Walk
Batting: LHB Bartolo Villanueva 0-0: SINGLE (Groundball, 3D)
Pat Jones to third
Moo-hyun Pak to second
Batting: RHB Alberto Chávez 0-0: SINGLE (Groundball, 34)
Pat Jones scores
Moo-hyun Pak to third
Bartolo Villanueva to second
Batting: LHB Fernando Camacho 0-0: Fly out, F3 (Popup, 3DF)
Batting: RHB Pedro Meza 0-0: Called Strike
0-1: Called Strike
0-2: Ball
1-2: Foul Ball, location: 2F
1-2: Foul Ball, location: 2F
1-2: Foul Ball, location: 2F
1-2: SINGLE (Groundball, 5)
Moo-hyun Pak scores
Bartolo Villanueva to third
Alberto Chávez to second
Runner from 3rd tries for Home, SAFE, no throw or cutoff
Pitching: RHP León Trevino
Batting: RHB José García 0-0: Ball
1-0: Fielders Choice at 2nd, 6-4 (Groundball, 6)
Alberto Chávez to third
Batting: SHB Cristo Ontiveros 0-0: Ground out 4-3 (Groundball, 4)
Top of the 8th over - 3 run(s), 4 hit(s), 0 error(s), 2 left on base; Houston 6 - Gresham 0
BOTTOM OF THE 8TH
Gresham Gold Souls batting - Pitching for Houston Hammertime : RHP Andrés Rivera
Batting: SHB Todd Smith 0-0: Ball
1-0: Called Strike
1-1: Ground out 4-3 (Groundball, 4)
Batting: RHB Manuel Cortéz 0-0: Ball
1-0: Ball
2-0: Ball
3-0: Called Strike
3-1: Ground out 5-3 (Groundball, 56S)
Batting: RHB Arturo Rodríguez 0-0: Ball
1-0: Fly out, F9 (Flyball, 89M)
Bottom of the 8th over - 0 run(s), 0 hit(s), 0 error(s), 0 left on base; Houston 6 - Gresham 0
TOP OF THE 9TH
Houston Hammertime batting - Pitching for Gresham Gold Souls : RHP León Trevino
Batting: LHB Juan Cabañas 0-0: Swinging Strike
0-1: Ball
1-1: Fly out, F8 (Flyball, 8LXD)
Batting: LHB Pat Jones 0-0: Ball
1-0: Called Strike
1-1: Foul Ball, location: 2F
1-2: Ground out 6-3 (Groundball, 6)
Batting: RHB Moo-hyun Pak 0-0: Called Strike
0-1: Ball
1-1: Swinging Strike
1-2: Fly out, F8 (Line Drive, 8RD)
Top of the 9th over - 0 run(s), 0 hit(s), 0 error(s), 0 left on base; Houston 6 - Gresham 0
BOTTOM OF THE 9TH
Gresham Gold Souls batting - Pitching for Houston Hammertime : RHP Andrés Rivera
Pitching: RHP Jacob Miller
Now in RF: Enrique Valentín
Batting: RHB Lorenzo Morín 0-0: Ball
1-0: Called Strike
1-1: Ball
2-1: Swinging Strike
2-2: Strikes out swinging
Batting: LHB Luis Zúñiga 0-0: Ball
1-0: SINGLE (Line Drive, 34)
Batting: RHB Pablo Castillo 0-0: Ball
1-0: Foul Ball, location: 2F
1-1: Ball
2-1: Fly out, F6 (Popup, 6S)
Batting: RHB Luke McIndoe 0-0: Ball
1-0: Swinging Strike
1-1: Ball
2-1: Swinging Strike
2-2: Foul Ball, location: 2F
2-2: Foul Ball, location: 2F
2-2: Fly out, F4 (Popup, 4M)
Bottom of the 9th over - 0 run(s), 1 hit(s), 0 error(s), 1 left on base; Houston 6 - Gresham 0
This league is powered by Out of the Park Baseball, the baseball management simulation game for PC, Mac and Linux
Tuesday, August 2nd, 2016 - OOTP Baseball 16.8 Build 38